 Dungeon Crawl Stone Soup version 0.31-a0-196-g86fe4a5e66 (webtiles) character file.

Game seed: 17947714422329455751

89 qw the Shooter (level 4, 0/25 HPs)
             Began as a Deep Elf Hunter on June 24, 2023.
             Succumbed to a water moccasin's poison
             ... on level 4 of the Dungeon.
             The game lasted 00:00:52 (2394 turns).

qw the Shooter (Deep Elf Hunter)                    Turns: 2394, Time: 00:00:52

Health: 0/25       AC: 10    Str: 10    XL:     4   Next: 31%
Magic:  6/6        EV:  9    Int: 14    God:
Gold:   170        SH:  0    Dex: 18    Spells: 3/3 levels left

rFire   . . .        Y - +0 shortbow
rCold   . . .        (shield currently unavailable)
rNeg    . . .        e - +0 scale mail
rPois   .            h - +0 helmet
rElec   .            d - +0 cloak
rCorr   .            (no gloves)
SInv    .            g - +1 pair of boots
Will    .....        (no amulet)
Stlth   +            (no ring)
HPRegen 0.24/turn    (no ring)
MPRegen 0.10/turn

%: no passive effects
@: lethally poisoned (0 -> -8), about to teleport
A: no striking features
a: no special abilities


You were on level 4 of the Dungeon.
You visited 1 branch of the dungeon, and saw 4 of its levels.

You collected 170 gold pieces.


   Skills:
 - Level 1.5 Fighting
 - Level 7.6 Ranged Weapons
 + Level 0.2 Armour
 - Level 2.4 Dodging
 - Level 1.2 Stealth


You had 3 spell levels left.
You didn't know any spells.
Your spell library was empty.

Inventory:

Hand Weapons
 Y - a +0 shortbow (weapon)
Armour
 d - a +0 cloak (worn)
 e - a +0 scale mail (worn)
 g - a +1 pair of boots (worn)
 h - a +0 helmet (worn)
Scrolls
 a - a scroll of identify
Potions
 f - a potion of curing

Dungeon Overview and Level Annotations

Branches:
Dungeon (4/15)
 Temple: D:4-7

Altars:


Message History

The ball python hisses angrily.
You hear a shout!
You hear an angry hiss.
A hound comes into view.
You hear a shout!
You shoot an arrow. The hound barks!
The arrow hits the hound.
The hound is lightly wounded.
A water moccasin comes into view.
You shoot an arrow. The arrow closely misses the hound.
A ball python comes into view.
You shoot an arrow. The arrow hits the hound.
The hound is moderately wounded.
The hound barely misses you.
You shoot an arrow. The arrow hits the hound.
The hound is heavily wounded.
The hound pauses to sniff the ground.
The hound closely misses you. The hound bites you but does no damage.
You shoot an arrow. The arrow closely misses the hound.
The hound bites you but does no damage. The water moccasin bites you.
You are poisoned.
The water moccasin poisons you! The hound bites you but does no damage.
An orc comes into view. It is wielding a +0 club.
You shoot an arrow. The arrow hits the hound.
The hound is almost dead.
You feel very sick. The hound bites you. The water moccasin bites you.
The hound bites you but does no damage.
The water moccasin bites you but does no damage.
The ball python closely misses you. x2
2393 ||| READING scroll of teleportation.
As you read the scroll of teleportation, it crumbles to dust.
You feel strangely unstable.
You feel very sick. The hound bites you but does no damage.
The water moccasin bites you but does no damage.
The ball python misses you. The ball python grabs you.
The ball python constricts you. The hound barely misses you.
You shoot an arrow. The arrow hits the ball python.
You kill the ball python!
You die...

.... .... ......
... ....... #.. #
.......### .. ..
.....<...##.## [..
.............#....
............#.....
...........S......
..........@h..###
.......<..S%...#
.#..........#...#
#..........# ..$.
............# o.$
............# ).
~P..##......# .
~~P. #.[..... ~7~
.........


You could see a water moccasin, a hound, an orc and a ball python.

Vanquished Creatures
  3 adders
  A worm (D:2)
  3 dart slugs
  4 orcs (D:3)
  3 bats
  5 endoplasms
  4 giant cockroaches
  5 goblins
  3 hobgoblins
  A jackal (D:3)
  2 quokkas
  5 ball pythons
  3 frilled lizards
  4 kobolds
  4 rats
50 creatures vanquished.

Notes
Turn   | Place    | Note
-------+----------+-------------------------------------------
     0 | D:1      | qw the Deep Elf Hunter began the quest for the Orb.
     0 | D:1      | Reached XP level 1. HP: 12/12 MP: 3/3
     0 | D:1      | 0 ||| qw: Version: 0.3-a-9-g12657ce
     0 | D:1      | 0 ||| qw: Game counter: 4763
     0 | D:1      | 0 ||| qw: Always use a shield: true
     0 | D:1      | 0 ||| qw: God list: Okawaru
     0 | D:1      | 0 ||| qw: Allow faded altars: false
     0 | D:1      | 0 ||| qw: Do Orc after D:15 true
     0 | D:1      | 0 ||| qw: Do second Lair branch before Depths: true
     0 | D:1      | 0 ||| qw: Lair rune preference: random
     0 | D:1      | 0 ||| qw: Plans: Normal
     0 | D:1      | 0 ||| PLANNING D:1-11
    62 | D:1      | Reached XP level 2. HP: 16/16 MP: 4/4
    96 | D:1      | Reached skill level 6 in Ranged Weapons
   832 | D:1      | 832 ||| UPGRADING to +0 cloak.
   837 | D:1      | 837 ||| UPGRADING to +0 pair of boots.
   842 | D:1      | 842 ||| READING scroll labelled HOSONG ELOCLAURO.
   843 | D:1      | 843 ||| READING 2 scrolls labelled MYIMUEFF JAISA.
   844 | D:1      | 844 ||| READING scroll labelled ACLIAPRILA.
   849 | D:1      | 849 ||| READING scroll labelled GEROCU QYGE.
   850 | D:1      | 850 ||| DROPPING scroll of butterflies.
   851 | D:1      | 851 ||| DROPPING scroll of poison.
   980 | D:2      | Reached XP level 3. HP: 18/20 MP: 5/5
  1154 | D:2      | Reached skill level 7 in Ranged Weapons
  1248 | D:2      | 1248 ||| FLEEEEING.
  1249 | D:2      | 1249 ||| FLEEEEING.
  1250 | D:2      | 1250 ||| STAIRDANCE
  1261 | D:1      | 1261 ||| READING scroll labelled WAEGOE KYLUMI.
  1262 | D:1      | 1262 ||| READING scroll labelled FEMOUPP FALUR.
  1359 | D:2      | 1359 ||| FLEEEEING.
  1501 | D:2      | Found a faded altar of an unknown god.
  1600 | D:2      | 1600 ||| UPGRADING to +0 scale mail.
  1610 | D:2      | 1610 ||| DROPPING +0 leather armour.
  1736 | D:3      | 1736 ||| READING scroll of enchant armour.
  1736 | D:3      | 1736 ||| ENCHANTING +0 pair of boots.
  1910 | D:3      | Reached XP level 4. HP: 25/25 MP: 6/6
  2277 | D:3      | 2277 ||| UPGRADING to +0 helmet.
  2282 | D:3      | 2282 ||| DROPPING amulet of magic regeneration.
  2283 | D:3      | 2283 ||| READING scroll labelled OKHLOQ GEUBUTH.
  2284 | D:3      | 2284 ||| READING scroll labelled FYR HASELICUEM.
  2285 | D:3      | 2285 ||| READING 2 scrolls of identify.
  2285 | D:3      | 2285 ||| IDENTIFYING yellow potion
  2307 | D:4      | 2307 ||| PLANNING OSSUARY
  2312 | D:4      | 2312 ||| STAIRDANCE
  2369 | D:4      | 2369 ||| STAIRDANCE
  2387 | D:4      | Noticed a water moccasin
  2392 | D:4      | HP: 6/25 [water moccasin (6)]
  2393 | D:4      | 2393 ||| READING scroll of teleportation.
  2394 | D:4      | Succumbed to a water moccasin's poison

Levels and vault maps discovered:
D:1:      mrwooster_arrival_statue_3, layout_basic, minmay_cut_off
D:2:      layout_basic, hellmonk_ecumenical_altar_blasted, chequers_jeans
D:3:      layout_loops_ring
D:4:      layout_cave_pools, serial_bayou, serial_bayou_pond_c,
          serial_bayou_pond_d, serial_bayou_pond_e, serial_bayou_pond_b,
          nicolae_ossuary_entry_monument, minmay_circle_x

Skill      XL: |  1  2  3 |
---------------+----------+-----
Ranged Weapons | 6 7 |  7.6
Fighting       | |  1.5
Armour         | |  0.2
Dodging        | |  2.4
Stealth        | |  1.2

Action                     |  1- 3 |  4- 6 || total
---------------------------+-------+-------++-------
   Fire: Shortbow          |   102 |    65 ||   167
    Use: Scroll            |     7 |     4 ||    11
 Armour: Leather armour    |     1 |       ||     1
         Scale mail        |     3 |    34 ||    37
  Dodge: Dodged            |    13 |    37 ||    50

Table legend:
 A = Non-vault XP
 B = Vault XP
 C = Vault XP percentage of total XP
 D = Non-vault monster count
 E = Vault monster count
 F = Vault count percentage of total count
                 A         B        C        D         E       F
            +---------+---------+-------+---------+---------+-------
      Total |     124 |       5 |   3.9 |      47 |       3 |   6.0
            +---------+---------+-------+---------+---------+-------
        D:1 |      25 |       2 |   7.4 |      13 |       1 |   7.1
        D:2 |      50 |       0 |   0.0 |      13 |       0 |   0.0
        D:3 |      46 |       2 |   4.2 |      19 |       1 |   5.0
        D:4 |       3 |       1 |  25.0 |       2 |       1 |  33.3
            +---------+---------+-------+---------+---------+-------
